 Dungeon Crawl Stone Soup version 0.31-a0-986-g5e6e4ef867 (webtiles) character file.

Game seed: 5045149955102562947

6095 grandjackal the Fighter (level 10, -13/83 HPs)
             Began as a Demonspawn Gladiator on Nov 18, 2023.
             Was an Initiate of Gozag.
             Mangled by a two-headed ogre
             ... wielding a +0 giant club
              (29 damage)
             ... on level 9 of the Dungeon.
             The game lasted 00:14:01 (9335 turns).

grandjackal the Fighter (Demonspawn Gladiator)      Turns: 9335, Time: 00:14:03

Health: -13/83     AC:  7    Str: 19    XL:     10   Next: 58%
Magic:  10/10      EV: 18    Int:  9    God:    Gozag
Gold:   1525       SH:  0    Dex: 15    Spells: 9/9 levels left

rFire   . . .        a - +0 long sword
rCold   . . .        (no shield)
rNeg    . . .        p - +2 ring mail {Will+}
rPois   +            (helmet restricted)
rElec   .            (cloak unavailable)
rCorr   .            (no gloves)
SInv    .            (no boots)
Will    +....        (no amulet)
Stlth   +            B - ring of poison resistance
HPRegen 0.33/turn    s - +5 ring of evasion
MPRegen 0.12/turn

%: no passive effects
@: gold aura
A: claws 1, horns 1, demonic magic 1, weakness stinger 3
a: Renounce Religion, Potion Petition, Call Merchant, Bribe Branch


You were on level 9 of the Dungeon.
You worshipped Gozag.
Gozag was most pleased with you.
You visited 1 branch of the dungeon, and saw 9 of its levels.

You collected 1539 gold pieces.
You paid 14 gold pieces to Gozag.

Inventory:

Hand Weapons
 a - a +0 long sword (weapon)
 i - a +0 dagger of venom
 y - a +2 dagger of draining
Missiles
 d - 2 throwing nets
 e - 10 poisoned darts (quivered)
 r - 10 boomerangs
Armour
 p - a +2 ring mail of willpower (worn)
 q - a +2 leather armour of poison resistance
Jewellery
 c - a ring of protection from cold
 k - a ring of magical power
 s - a +5 ring of evasion (right claw)
 B - a ring of poison resistance (left claw)
Wands
 t - a wand of charming (3)
 z - a wand of iceblast (13)
Scrolls
 b - 4 scrolls of teleportation
 h - 3 scrolls of enchant armour {unknown}
 m - a scroll of noise {unknown}
 u - 2 scrolls of immolation {unknown}
 w - 2 scrolls of vulnerability {unknown}
 x - a scroll of blinking {unknown}
Potions
 f - a potion of resistance
 g - 2 potions of haste
 j - a potion of cancellation
 l - 4 potions of mutation
 n - a potion of heal wounds
 o - 5 potions of curing {unknown}
 v - 2 potions of lignification
 A - a potion of brilliance


   Skills:
 + Level 9.6 Fighting
 - Level 6.8 Long Blades
 - Level 2.1 Throwing
 - Level 4.1 Armour
 - Level 5.1 Dodging
 * Level 8.0 Unarmed Combat


You had 9 spell levels left.
You didn't know any spells.
Your spell library contained the following spells:

 Spells                   Type           Power      Damage    Failure   Level
 Shock                    Conj/Air       0%         1d3       56%         1
 Stone Arrow              Conj/Erth      0%         3d7       90%         3
 Animate Armour           Summ/Erth      0%         N/A       100%        4
 Arcjolt                  Conj/Air       0%         1d10      100%        5
 Conjure Ball Lightning   Conj/Air       0%         3x3d6     100%        6
 Lehudib's Crystal Spear  Conj/Erth      0%         10d2      100%        8
 Maxwell's Capacitive Co  Air            0%         ∞         100%        8


Dungeon Overview and Level Annotations

Branches:
Dungeon (9/15)             Temple (0/1) D:5
   Lair: D:8-11         Orc: D:9-12

Altars:
Ashenzari
Cheibriados
Dithmenos
Fedhas
Gozag
Kikubaaqudgha
Trog
Wu Jian
Xom
Yredelemnul

Shops:
D:1 :   D:4 *


Innate Abilities, Weirdness & Mutations

You have sharp fingernails.
You have a pair of small horns on your head.
Spells you cast may paralyse adjacent enemies.
You have a sharp stinger which inflicts weakening toxins.


Message History

The centaur kicks you but does no damage.
Your Unarmed Combat skill increases to level 8!
You hit the centaur. You headbutt the centaur.
The centaur is lightly wounded.
You feel sick. The centaur misses you. x2
You hit the centaur but do no damage. You headbutt the centaur.
The centaur is moderately wounded.
You feel sick.
You are no longer poisoned.
The centaur hits you but does no damage.
The centaur kicks you but does no damage.
The centaur closely misses you. The centaur kicks you.
Aiming: Charm
Press: ? - help, Shift-Dir - straight line, f - centaur
Aim: a centaur (moderately wounded, chance to affect: 49%)
The centaur resists with some effort.
The centaur completely misses you.
The centaur kicks you but does no damage.
Aiming: Charm
Press: ? - help, Shift-Dir - straight line, f/p - centaur
Aim: a centaur (moderately wounded, chance to affect: 49%)
The centaur resists with some effort.
The centaur closely misses you. The centaur completely misses you.
Aiming: Charm
Press: ? - help, Shift-Dir - straight line, f/p - centaur
Aim: a centaur (moderately wounded, chance to affect: 49%)
The two-headed ogre easily resists.
Aiming: Charm
Press: ? - help, Shift-Dir - straight line, f - two-headed ogre, p - centaur
Aim: a two-headed ogre, wielding a +0 giant club and a +0 giant spiked club (chance to affect: 31%)
The two-headed ogre easily resists.
The two-headed ogre completely misses you.
The two-headed ogre hits you with a +0 giant spiked club!!
* * * LOW HITPOINT WARNING * * *
Aiming: Charm
Press: ? - help, Shift-Dir - straight line, f/p - two-headed ogre
Aim: a two-headed ogre, wielding a +0 giant club and a +0 giant spiked club (chance to affect: 31%)
The two-headed ogre easily resists.
The two-headed ogre hits you with a +0 giant club!!
You die...
Your body crumbles into a pile of gold.

#Oh...$.# #
#.#.#.#O.###### .#
#.#.h...... .### ##
#.#Y##..... ... ..
..#.# ....
###.#########.#####.#
...
.............c..cc..#
..
#.......#....#O#### .
#.......######@#
###..............#
.................#
.................##
.....................
.....................
...........##########
...........#
#######....#


You could see a two-headed ogre and 2 centaurs.

Vanquished Creatures
  A two-headed ogre (D:7)
  Maggie (D:8)
  A hornet (D:9)
  6 yaks (D:7)
  A wyvern (D:6)
  Grum (D:8)
  2 water moccasins
  4 orc warriors
  3 ice beasts
  2 sky beasts
  3 wolves (D:8)
  2 ogres
  A phantom (D:4)
  A kobold brigand (D:8)
  A gnoll sergeant (D:4)
  4 scorpions
  A water moccasin zombie (D:4)
  8 wights (D:7)
  6 killer bees (D:8)
  2 vampire bats (D:6)
  A bullfrog zombie (D:4)
  6 hounds
  2 orc priests (D:8)
  Terence (D:3)
  An iguana (D:6)
  2 sleepcaps
  Natasha (thrice) (D:3)
  13 orc wizards
  2 scorpion zombies (D:4)
  Robin (D:3)
  10 gnolls
  10 adders
  4 ufetubi
  A worm (D:2)
  2 dart slugs
  31 orcs
  5 bats
  3 bat skeletons (D:6)
  2 bat zombies (D:6)
  3 endoplasms
  2 giant cockroaches (D:1)
  23 goblins
  11 hobgoblins
  2 jackals (D:4)
  4 quokkas
  8 ball pythons
  5 frilled lizards
  10 kobolds
  A quokka zombie (D:4)
  4 rats
224 creatures vanquished.

Notes
Turn   | Place    | Note
-------+----------+-------------------------------------------
     0 | D:1      | grandjackal the Demonspawn Gladiator began the quest for
                  | the Orb.
     0 | D:1      | Reached XP level 1. HP: 16/16 MP: 1/1
   155 | D:1      | Discovered your monstrous ancestry.
   155 | D:1      | Gained mutation: You have a pair of small horns on your
                  | head. [demonic ancestry]
   155 | D:1      | Reached XP level 2. HP: 21/22 MP: 2/2
   211 | D:1      | Found Bydikup's Book Boutique.
   647 | D:1      | Reached XP level 3. HP: 28/28 MP: 3/3
   655 | D:1      | Found a faded altar of an unknown god.
  1242 | D:2      | Noticed an ogre
  1250 | D:2      | Killed an ogre
  1251 | D:2      | Reached skill level 3 in Fighting
  1251 | D:2      | Reached skill level 1 in Armour
  1251 | D:2      | Reached XP level 4. HP: 12/35 MP: 4/4
  1422 | D:2      | Gained mutation: You have a small tail. [demonic ancestry]
  1422 | D:2      | Reached XP level 5. HP: 39/41 MP: 5/5
  1639 | D:2      | Found an opulent altar of Gozag.
  1729 | D:2      | Became a worshipper of Gozag Ym Sagoz the Greedy
  2016 | D:3      | Found a snail-covered altar of Cheibriados.
  2028 | D:3      | Found a broken altar of Ashenzari.
  2030 | D:3      | Found an ornate altar of the Wu Jian Council.
  2030 | D:3      | Found an opulent altar of Gozag.
  2032 | D:3      | Found a shimmering altar of Xom.
  2100 | D:3      | Noticed Natasha
  2104 | D:3      | Killed Natasha
  2321 | D:3      | Noticed Robin
  2346 | D:3      | Killed Robin
  2496 | D:3      | Gained mutation: You have a tail ending in a sharp stinger.
                  | [demonic ancestry]
  2496 | D:3      | Reached XP level 6. HP: 22/48 MP: 6/6
  2617 | D:3      | Noticed Terence
  2626 | D:3      | Killed Terence
  2627 | D:3      | Reached skill level 4 in Fighting
  2670 | D:3      | Noticed Natasha
  2681 | D:3      | Killed Natasha
  2934 | D:3      | Noticed Natasha
  2943 | D:3      | Killed Natasha
  2953 | D:4      | Identified the of Quimeupn
  3348 | D:4      | Gained mutation: Spells you cast may paralyse adjacent
                  | enemies. [demonic ancestry]
  3348 | D:4      | Reached XP level 7. HP: 44/55 MP: 7/7
  3525 | D:4      | Found Tiabimp's Neck Hole.
  3647 | D:4      | Reached skill level 5 in Fighting
  3744 | D:4      | Found a basalt altar of Yredelemnul.
  3932 | D:5      | Entered Level 5 of the Dungeon
  3950 | D:4      | Reached skill level 5 in Long Blades
  4330 | D:4      | Reached XP level 8. HP: 33/64 MP: 8/8
  4545 | D:5      | Found a shadowy altar of Dithmenos.
  4566 | D:5      | Found a staircase to the Ecumenical Temple.
  4890 | D:4      | Reached skill level 6 in Fighting
  5988 | D:6      | Found an ancient bone altar of Kikubaaqudgha.
  6071 | D:6      | Reached skill level 7 in Fighting
  6071 | D:6      | Reached skill level 5 in Dodging
  6172 | D:6      | Gained mutation: You have sharp fingernails. [demonic
                  | ancestry]
  6172 | D:6      | Reached XP level 9. HP: 72/72 MP: 9/9
  6465 | D:7      | Noticed a two-headed ogre
  6487 | D:7      | Killed a two-headed ogre
  6669 | D:7      | Reached skill level 8 in Fighting
  6682 | D:7      | Reached skill level 5 in Unarmed Combat
  7012 | D:7      | Gained mutation: You have a sharp stinger which inflicts
                  | weakening toxins. [demonic ancestry]
  7012 | D:7      | Reached XP level 10. HP: 56/82 MP: 10/10
  7927 | D:8      | Reached skill level 9 in Fighting
  7936 | D:8      | Found a blossoming altar of Fedhas.
  8192 | D:8      | Found a bloodstained altar of Trog.
  8636 | D:8      | Noticed Maggie
  8658 | D:8      | Killed Maggie
  8811 | D:8      | Noticed Grum
  8954 | D:8      | Killed Grum
  9307 | D:9      | Noticed a two-headed ogre
  9335 | D:9      | Mangled by a two-headed ogre

Illustrated notes

Levels and vault maps discovered:
D:1:      dpeg_arrival_boxorama, layout_basic, serial_shops,
          nicolae_shop_statue_plus, shapermc_ecumenical_altar_mp_highgroup
D:2:      layout_basic, basic_altar
D:3:      kennysheep_big_flooded_room, layout_basic, minitemple, uniq_robin,
          uniq_terence, uniq_natasha
D:4:      layout_basic, nicolae_yredelemnul_corpse_copse,
          nicolae_shop_sticking_my_neck_out
D:5:      layout_rooms, nicolae_dithmenos_through_a_glass_darkly,
          minmay_temple_entry_junction, serial_curves, eino_curves_04,
          eino_curves_04
D:6:      layout_rooms, kennysheep_vampire_church, serial_aquarium,
          aquarium_bridge_long_separate [aquarium_subvault_bridge,
          aquarium_subvault_bridge, aquarium_subvault_bridge,
          aquarium_subvault_wall, aquarium_subvault_wall,
          aquarium_subvault_bridge], aquarium_bridge_square
          [aquarium_subvault_wall, aquarium_subvault_bridge,
          aquarium_subvault_window, aquarium_subvault_wall],
          aquarium_window_corridor_1, aquarium_window_corner, aquarium_window_2,
          aquarium_view_2b, aquarium_balcony_5a, kennysheep_generic_room_9
D:7:      layout_loops_ring, minmay_strange_pillars
D:8:      layout_gridville, mainiacjoe_overflow_large_starburst, uniq_grum,
          uniq_maggie
D:9:      layout_irregular_city, mainiacjoe_overflow_24_doors, david_orc_2,
          ebering_dispersal_statue_hall, minmay_the_grid_2x2
          [minmay_the_grid_medium_cups, minmay_the_grid_small_cups,
          minmay_the_grid_eight, minmay_the_grid_prize_diamond_cup]

Skill      XL: |  1  2  3  4  5  6  7  8  9 10 |
---------------+-------------------------------+-----
Throwing       | 2 |  2.1
Long Blades    | 3 4 5 6 |  6.8
Dodging        | 3 5 |  5.1
Fighting       | 3 4 5 7 8 9 |  9.6
Armour         | 1 2 3 4 |  4.1
Unarmed Combat | 5 8 |  8.0

Action                     |  1- 3 |  4- 6 |  7- 9 | 10-12 || total
---------------------------+-------+-------+-------+-------++-------
  Melee: Long sword        |    99 |   169 |   385 |   236 ||   889
         Headbutt          |    13 |    36 |    80 |    50 ||   179
         Punch             |       |     3 |     7 |    13 ||    23
         Tailslap          |       |    21 |    58 |    38 ||   117
         Dagger            |       |       |    15 |       ||    15
  Throw: Javelin           |     1 |       |       |       ||     1
         Throwing net      |       |       |     2 |       ||     2
         Dart              |       |       |     8 |       ||     8
  Evoke: Wand              |       |       |       |     5 ||     5
    Use: Scroll            |       |       |     7 |     2 ||     9
         Potion            |       |       |     1 |       ||     1
   Stab: Distracted        |       |     1 |       |     3 ||     4
 Armour: Leather armour    |    19 |       |       |       ||    19
         Scale mail        |    55 |    90 |       |       ||   145
         Ring mail         |       |    29 |   196 |   133 ||   358
  Dodge: Dodged            |    74 |   102 |   382 |   287 ||   845

Table legend: (Time is in decaauts)
 A = Elapsed time spent in this place.
 B = Non-inter-level travel time spent in this place.
 C = Inter-level travel time spent in this place.
 D = Time resting spent in this place.
 E = Time spent auto-exploring this place.
 F = Levels seen in this place.
 G = Mean time per level.
                   A        B        C        D        E       F      G
               +--------+--------+--------+--------+--------+-----+--------+
         Total |   9429 |   9200 |    229 |   2088 |   5099 |   9 | 1047.7 |
       Dungeon |   9429 |   9200 |    229 |   2088 |   5099 |   9 | 1047.7 |
               +--------+--------+--------+--------+--------+-----+--------+

Top non-repeatable levels by time:
     D:4: 1967 daAuts
     D:8: 1529 daAuts
     D:7: 1309 daAuts
     D:2: 1148 daAuts
     D:3: 986 daAuts
     D:6: 926 daAuts
     D:1: 869 daAuts
     D:5: 628 daAuts
     D:9: 63 daAuts
